 Dungeon Crawl Stone Soup version 0.29-a0-356-g7bc237e783 (webtiles) character file.

Game seed: 11267223185657860063

52344 Shayle the Destroyer (level 14, -13/90 HPs)
             Began as a Tengu Brigand on Apr 25, 2022.
             Was a Priest of Ashenzari.
             Mangled by a minotaur
             ... wielding a +2 quarterstaff of speed
              (29 damage)
             ... in a Gauntlet.
             The game lasted 01:22:30 (19137 turns).

Shayle the Destroyer (Tengu Brigand)               Turns: 19137, Time: 01:22:30

Health: -13/90     AC: 19    Str: 11    XL:     14   Next: 63%
Magic:  14/28      EV: 20    Int: 21    God:    Ashenzari [***...]
Gold:   619        SH: 13    Dex: 20    Spells: 7/32 levels left

rFire   x . .      SeeInvis +   i - +4 hand axe (vorpal)
rCold   + . .      Faith    .   W - +1 kite shield {rC+}
rNeg    . . .      Spirit   .   H - +3 leather armour "Secrets of the Heavens" {rPois, Comp, Bglg} (curse)
rPois   +          Reflect  .   S - +2 hat {Will+}
rElec   .          Harm     .   c - +2 cloak of Ashenzari's Paranoia {Elem, Self} (curse)
rCorr   .          Rampage  .   z - +2 pair of gloves "Gaze Upon Infinity" {Comp, Fort} (curse)
Will    ++...      Clarity  +   (boots unavailable)
Stlth   +++....... NoTele   +   (no amulet)
HPRegen 0.25/turn               w - ring "Somnicaj" {rF- AC+4 Int+5 Dex+3}
MPRegen 0.21/turn               y - ring "Tethered With Me" {EV+4, Alch, Bglg} (curse)

@: flying quickly and evasively, quick
A: beak, talons 3, nimble flight
a: Renounce Religion, Curse Item, Shatter the Chains


You were in a Gauntlet.
You worshipped Ashenzari.
Ashenzari was most pleased with you.
You visited 2 branches of the dungeon, and saw 15 of its levels.
You also visited: Sewer, Bailey, Gauntlet and Ice Cave.

You collected 971 gold pieces.
You spent 352 gold pieces at shops.

Inventory:

Hand Weapons
 a - a +2 dagger
 i - a +4 vorpal hand axe (weapon)
 J - a +1 scimitar of flaming
Missiles
 d - 23 poisoned darts (quivered)
 e - 2 curare-tipped darts
 Q - 3 throwing nets
 U - 6 atropa-tipped darts
Armour
 c - the cursed +2 cloak of Ashenzari's Paranoia (worn) {Elem, Self}

   It has a curse which improves the following skills: Elements: Fire Magic, Ice
   Magic, Air Magic and Earth Magic.
   Introspection: Fighting and Spellcasting.
 z - the cursed +2 pair of gloves "Gaze Upon Infinity" (worn) {Comp, Fort}
   (You found it in a sewer)

   It has a curse which improves the following skills: Companions: Summonings
   and Necromancy.
   Fortitude: Armour and Shields.
 H - the cursed +3 leather armour "Secrets of the Heavens" (worn) {rPois, Comp, Bglg}
   (You found it on level 7 of the Dungeon)

   rPois:     It protects you from poison.
   It has a curse which improves the following skills: Companions: Summonings
   and Necromancy.
   Beguiling: Conjurations, Hexes and Translocations.
 S - a +2 hat of willpower (worn)
 W - a +1 kite shield of cold resistance (worn)
Magical Staves
 I - a staff of cold
Jewellery
 w - the ring "Somnicaj" (left hand) {rF- AC+4 Int+5 Dex+3}
   (You acquired it on level 8 of the Dungeon)

   [ring of protection]

   AC:        It affects your AC (+4).
   Int:       It affects your intelligence (+5).
   Dex:       It affects your dexterity (+3).
   rF:        It makes you vulnerable to fire.
 y - the cursed ring "Tethered With Me" (right hand) {EV+4, Alch, Bglg}
   (You found it on level 11 of the Dungeon)

   [ring of evasion]

   EV:        It affects your evasion (+4).
   It has a curse which improves the following skills: Alchemy: Poison Magic and
   Transmutations.
   Beguiling: Conjurations, Hexes and Translocations.
Wands
 g - a wand of iceblast (10)
 j - a wand of polymorph (17)
 E - a wand of mindburst (12)
 T - a wand of acid (2)
Scrolls
 f - 3 scrolls of enchant weapon
 h - 4 scrolls of magic mapping
 m - 5 scrolls of fog
 o - a scroll of blinking
 t - 5 scrolls of immolation
 u - 2 scrolls of silence
 B - 5 scrolls of teleportation
 C - 2 scrolls of amnesia
 M - a scroll of summoning
 X - a scroll of enchant armour
Potions
 b - a potion of heal wounds
 k - 6 potions of brilliance
 l - 2 potions of invisibility
 n - a potion of might
 q - 2 potions of attraction
 r - 2 potions of cancellation
 s - a potion of ambrosia
 v - 5 potions of lignification
 x - 3 potions of magic
 A - 5 potions of haste
 F - 9 potions of curing
 G - 3 potions of resistance
 L - 2 potions of mutation


   Skills:
 + Level 9.7(11.3) Fighting
 - Level 2.1 Short Blades
 - Level 2.0 Throwing
 - Level 3.2(4.7) Armour
 + Level 5.5 Dodging
 - Level 5.5 Stealth
 * Level 6.1(7.7) Shields
 + Level 7.8(9.5) Spellcasting
 - Level 10.9(13.3) Conjurations
 - Level 4.3(6.6) Hexes
 - Level 6.1(8.5) Necromancy
 + Level 2.6(4.0) Transmutations
 + Level 8.9(10.5) Fire Magic
 + Level 5.8(7.4) Ice Magic
 - Level 8.3(10.0) Air Magic
 - Level 6.0(7.6) Poison Magic


You had 7 spell levels left.
You knew the following spells:

 Your Spells              Type           Power      Damage    Failure   Level
a - Mephitic Cloud        Conj/Pois/Air  52%        N/A       1%          3
b - Foxfire               Conj/Fire      100%       2x1d9     1%          1
c - Inner Flame           Hex/Fire       46%        N/A       1%          3
d - Flame Wave            Conj/Fire      56%        2d11      1%          4
e - Scorch                Fire           100%       2d10      1%          2
f - Freezing Cloud        Conj/Ice/Air   26%        6-21      9%          5
g - Ignite Poison         Fire/Tmut/Pois 41%        N/A       3%          3
h - Sticky Flame          Conj/Fire      56%        2d7       1%          4

Your spell library contained the following spells:

 Spells                   Type           Power      Damage    Failure   Level
 Static Discharge         Conj/Air       56%        N/A       1%          2
 Conjure Flame            Conj/Fire      56%        6-21      1%          3
 Hailstorm                Conj/Ice       52%        3d12      3%          4
 Dispel Undead            Necr           46%        3d18      6%          4
 Gell's Gravitas          Tloc           11%        N/A       50%         3
 Lesser Beckoning         Tloc           11%        N/A       50%         3
 Teleport Other           Tloc           11%        N/A       50%         3
 Summon Cactus Giant      Summ           5%         N/A       100%        6
 Chain Lightning          Conj/Air       28%        3d37      100%        9
 Fire Storm               Conj/Fire      28%        8d7       100%        9
 Shatter                  Erth           5%         3d8*      100%        9


Dungeon Overview and Level Annotations

Branches:
Dungeon (12/15)              Lair (3/6) D:11            Orc (0/2) D:12
  Sewer (visited)          Bailey (visited)           IceCv (visited)
Gauntlet (1/1)
 Temple: D:4-7        Swamp: Lair:2-4    Shoals: Lair:2-4     Snake: Lair:2-4
 Spider: Lair:2-4

Altars:
Ashenzari
Dithmenos
Gozag
Zin
The Shining One

Annotations:
D:10 2 transporters, Sekkong's ghost, journeyman MiBe Gauntlet 4 transporters


Innate Abilities, Weirdness & Mutations

You have a beak for a mouth.
You have claws for feet.
Your magical nature lets you fly swiftly and evasively.


Message History

The minotaur is engulfed in noxious fumes.
The minotaur throws a javelin.
The javelin closely misses you.
Casting: Scorch (safe; 1% risk of failure)
Confirm with . or Enter, or press ? or * to list all spells.
Flames lash the minotaur.
The minotaur is burned terribly!
The minotaur is moderately wounded.
The minotaur throws a javelin.
The javelin pierces through you!
Casting: Scorch (safe; 1% risk of failure)
Confirm with . or Enter, or press ? or * to list all spells.
Aiming: Mephitic Cloud (safe; 1% risk of failure)
Press: ? - help, Shift-Dir - straight line, f - minotaur
Aim: a minotaur, wielding a +2 quarterstaff of speed, wearing a +0 plate armour, wearing the ring of Recklessness {Wiz rElec Str+3 Dex-2 Stlth+} and quivering javelins (moderately wounded, more vulnerable to fire, chance to affect: 34%)
The ball explodes into a vile cloud!
The stinking cloud engulfs the minotaur but does no damage.
The minotaur is moderately wounded.
The minotaur is engulfed in noxious fumes.
Unknown command.
You hit the minotaur but do no damage. You claw the minotaur.
You peck the minotaur, but do no damage.
The minotaur is heavily wounded.
The minotaur is engulfed in noxious fumes.
The minotaur hits you with a +2 quarterstaff of speed!!
You block the minotaur's attack.
The minotaur is engulfed in noxious fumes.
You block the minotaur's attack. The minotaur gores you.
Casting: Mephitic Cloud (safe; 1% risk of failure)
Confirm with . or Enter, or press ? or * to list all spells.
Flames lash the minotaur but do no damage.
The minotaur hits you with a +2 quarterstaff of speed!
The minotaur gores you but does no damage.
You hit the minotaur but do no damage.
The minotaur is moderately wounded.
The minotaur hits you with a +2 quarterstaff of speed.
The minotaur gores you but does no damage.
The minotaur hits you with a +2 quarterstaff of speed!!
* * * LOW HITPOINT WARNING * * *
The minotaur gores you.
* * * LOW HITPOINT WARNING * * *
The minotaur hits you with a +2 quarterstaff of speed!!
You die...

...................≈§§...........
#################################
#8# #8# #8##≈...............≈##8#
### ### ####8.8.8..©.©..8.8.8####
#≈...............≈#
#########.#########
#.............# #.###########.#
#..@H.○...#,### #.#.###°### ,
#.#.# ⌠ **,*,* #.#..* , *,
#.##.#⌠ ⌠* , #..*.#* ##. .. *##*
* , ,


You could see a minotaur (combustible).

Vanquished Creatures
  Gastronok (D:10)
  A frost giant (IceCv)
  2 hydras (Lair:2)
  2 two-headed ogres
  Erica (D:7)
  A tengu warrior (Gauntlet)
  4 death yaks (IceCv)
  Amaemon (D:8)
  An orc knight (Bailey)
  Pikel (D:8)
  A cyclops (D:11)
  A manticore (D:11)
  A black mamba (Lair:2)
  An ice statue (IceCv)
  An orange demon (D:8)
  6 cane toads
  Psyche (D:8)
  3 komodo dragons
  A tengu conjurer (Gauntlet)
  2 trolls
  16 polar bears
  A hornet (D:9)
  Prince Ribbit (D:5)
  5 blink frogs (Lair:2)
  A centaur simulacrum (Gauntlet)
  2 wraiths
  28 yaks
  A vampire (D:9)
  2 wyverns (D:9)
  A basilisk (Lair:2)
  4 vampire mosquitoes
  4 acid dragons
  5 water moccasins
  2 black bears
  A meliai simulacrum (Gauntlet)
  11 orc warriors
  A sky beast (D:8)
  31 wolves
  4 centaurs
  2 lemures (D:8)
  A kobold brigand (D:8)
  Blork the orc (D:5)
  10 bullfrogs
  A gnoll sergeant (D:10)
  3 scorpions
  2 necrophages
  A cane toad simulacrum (Gauntlet)
  12 wights
  4 killer bees (D:11)
  An electric eel (D:11)
  A hound (D:5)
  8 orc priests
  2 iguanas
  6 orc wizards
  5 gnolls (D:10)
  8 adders
  A shadow imp (D:6)
  A white imp (D:5)
  4 ufetubi
  2 worms
  4 dart slugs
  73 orcs
  10 ball pythons
  6 bats
  5 endoplasms
  2 giant cockroaches
  6 goblins
  7 hobgoblins
  4 jackals
  8 kobolds
  6 quokkas
  A frilled lizard (D:1)
  5 rats
367 creatures vanquished.

Vanquished Creatures (others)
  14 demonic plants (Gauntlet)
  85 foxfires
  9 fungi
  33 plants
141 creatures vanquished.

Grand Total: 508 creatures vanquished

Notes
Turn   | Place    | Note
-------+----------+-------------------------------------------
     0 | D:1      | Shayle the Tengu Brigand began the quest for the Orb.
     0 | D:1      | Reached XP level 1. HP: 12/12 MP: 2/2
    90 | D:1      | Reached XP level 2. HP: 17/17 MP: 3/3
   517 | D:1      | Found a faded altar of an unknown god.
   552 | D:1      | Reached XP level 3. HP: 21/22 MP: 4/4
  1100 | D:2      | Reached XP level 4. HP: 27/27 MP: 5/5
  2181 | D:4      | Gained mutation: Your magical nature lets you fly swiftly
                  | and evasively. [Tengu growth]
  2181 | D:4      | Reached XP level 5. HP: 32/32 MP: 6/6
  2196 | D:4      | Reached skill level 5 in Stealth
  2345 | D:4      | Found a glowing drain.
  2350 | Sewer    | Entered a sewer
  2422 | Sewer    | Noticed a water moccasin
  2438 | Sewer    | Killed a water moccasin
  2439 | Sewer    | Reached XP level 6. HP: 17/38 MP: 7/7
  2733 | D:4      | Found a broken altar of Ashenzari.
  2741 | D:4      | Became a worshipper of Ashenzari the Shackled
  2919 | D:4      | Noticed a water moccasin
  3059 | D:4      | Got the Catalogue of Attacks
  3064 | D:4      | Learned a level 3 spell: Mephitic Cloud
  3219 | D:4      | Killed a water moccasin
  3220 | D:4      | Reached skill level 1 in Conjurations
  3220 | D:4      | Reached skill level 1 in Air Magic
  3220 | D:4      | Reached skill level 1 in Poison Magic
  3305 | D:5      | Entered Level 5 of the Dungeon
  3325 | D:5      | Reached skill level 1 in Spellcasting
  3325 | D:5      | Reached XP level 7. HP: 41/43 MP: 9/9
  3351 | D:5      | Reached skill level 2 in Conjurations
  3527 | D:5      | Noticed Blork the orc
  3546 | D:5      | Killed Blork the orc
  3696 | D:5      | Reached skill level 1 in Armour
  3696 | D:5      | Reached skill level 1 in Shields
  4214 | D:5      | Noticed Prince Ribbit
  4232 | D:5      | Killed Prince Ribbit
  4233 | D:5      | Reached skill level 3 in Conjurations
  4233 | D:5      | Reached XP level 8. HP: 5/48 MP: 10/12
  5000 | D:6      | Reached skill level 5 in Fighting
  5189 | D:6      | Learned a level 1 spell: Foxfire
  5420 | D:6      | Reached skill level 4 in Conjurations
  5721 | D:6      | Reached skill level 1 in Fire Magic
  5724 | D:6      | Noticed a shadow
  5907 | D:7      | Found a shadowy altar of Dithmenos.
  6263 | D:7      | Identified the +3 leather armour of the Sun {rPois}
  6564 | D:7      | Reached XP level 9. HP: 33/54 MP: 14/14
  6564 | D:7      | Reached * piety under Ashenzari
  6892 | D:7      | Found a glowing silver altar of Zin.
  6893 | D:7      | Found an opulent altar of Gozag.
  7027 | D:8      | Found a flagged portal.
  7043 | Bailey   | Entered a bailey
  7048 | Bailey   | Learned a level 3 spell: Inner Flame
  7053 | Bailey   | Learned a level 4 spell: Flame Wave
  7171 | Bailey   | Reached skill level 5 in Conjurations
  7171 | Bailey   | Reached skill level 5 in Air Magic
  7402 | Bailey   | HP: 1/56 [orc warrior/+0 halberd (17)]
  7645 | Bailey   | Identified a scroll of acquirement
  7645 | Bailey   | Noticed an orc knight
  7671 | Bailey   | Killed an orc knight
  7916 | D:8      | Acquired the ring "Somnicaj" {rF- AC+4 Int+5 Dex+3}
  7977 | D:8      | Noticed a troll
  7990 | D:8      | Reached ** piety under Ashenzari
  7996 | D:8      | Killed a troll
  7997 | D:8      | Reached skill level 6 in Conjurations
  8016 | D:8      | Reached XP level 10. HP: 39/63 MP: 18/18
  8162 | D:8      | Noticed Erica
  8259 | D:7      | Killed Erica
  8541 | D:8      | Reached skill level 5 in Poison Magic
  8655 | D:8      | Learned a level 2 spell: Scorch
  8690 | D:8      | Noticed Amaemon
  8699 | D:8      | Noticed Psyche
  8715 | D:8      | Killed Psyche
  8804 | D:8      | Noticed an orange demon
  8814 | D:8      | Killed an orange demon
  8959 | D:8      | Killed Amaemon
  8960 | D:8      | Reached skill level 7 in Conjurations
  8960 | D:8      | Reached skill level 5 in Fire Magic
  9250 | D:9      | Reached skill level 5 in Spellcasting
  9250 | D:9      | Noticed Pikel
  9372 | D:8      | Killed Pikel
  9544 | D:8      | Reached XP level 11. HP: 31/69 MP: 21/21
 10205 | D:9      | Noticed a two-headed ogre
 10220 | D:9      | Killed a two-headed ogre
 10221 | D:9      | Reached skill level 8 in Conjurations
 10271 | D:9      | Reached skill level 1 in Necromancy
 10467 | D:9      | Reached skill level 1 in Hexes
 11027 | D:9      | Found a glowing golden altar of the Shining One.
 11123 | D:10     | Entered Level 10 of the Dungeon
 11472 | D:10     | Found Xungayt's Distillery.
 11723 | D:10     | Found a transporter.
 11727 | D:10     | Identified the +10 dire flail of Termination {freeze,
                  | +Blink rC++}
 11727 | D:10     | Noticed a two-headed ogre
 11727 | D:10     | Noticed Sekkong's ghost (journeyman MiBe)
 11729 | D:10     | Noticed a two-headed ogre
 11731 | D:10     | Noticed a two-headed ogre
 11731 | D:10     | Noticed a two-headed ogre
 11741 | D:10     | Noticed a two-headed ogre
 11742 | D:10     | Found a transporter.
 11842 | D:10     | Noticed a two-headed ogre
 11854 | D:10     | Killed a two-headed ogre
 11989 | D:10     | Bought a potion of curing for 33 gold pieces
 11989 | D:10     | Bought a potion of cancellation for 88 gold pieces
 11989 | D:10     | Bought a potion of haste for 110 gold pieces
 11989 | D:10     | Bought a potion of mutation for 88 gold pieces
 11989 | D:10     | Bought a potion of curing for 33 gold pieces
 12209 | D:11     | Noticed a manticore
 12211 | D:11     | Noticed Gastronok
 12242 | D:10     | Killed Gastronok
 12243 | D:10     | Reached skill level 1 in Ice Magic
 12331 | D:11     | Killed a manticore
 12395 | D:11     | Noticed a cyclops
 12982 | D:11     | Reached skill level 9 in Conjurations
 12987 | D:11     | Killed a cyclops
 13143 | D:11     | Learned a level 5 spell: Freezing Cloud
 13163 | D:11     | Found a staircase to the Lair.
 13286 | D:11     | Reached XP level 12. HP: 76/76 MP: 18/24
 13447 | D:11     | Learned a level 3 spell: Ignite Poison
 13768 | D:12     | Found a staircase to the Orcish Mines.
 13871 | Lair:1   | Entered Level 1 of the Lair of Beasts
 15144 | Lair:2   | Found a frozen archway.
 15165 | IceCv    | Entered an ice cave
 15382 | IceCv    | Learned a level 4 spell: Sticky Flame
 15666 | IceCv    | Reached skill level 10 in Conjurations
 15822 | IceCv    | Reached skill level 5 in Necromancy
 16152 | IceCv    | Reached XP level 13. HP: 83/83 MP: 14/26
 16741 | IceCv    | Noticed a frost giant
 16754 | IceCv    | Killed a frost giant
 17581 | Lair:2   | Reached *** piety under Ashenzari
 17975 | Lair:2   | Reached skill level 5 in Ice Magic
 18517 | Lair:3   | Found a gate leading to a gauntlet.
 18527 | Gauntlet | Entered a Gauntlet
 18527 | Gauntlet | Identified the +2 pair of boots of the Blue Moon {Harm
                  | Will+ Regen+ Str+2}
 18527 | Gauntlet | Found a transporter.
 18527 | Gauntlet | Found a transporter.
 18527 | Gauntlet | Found a transporter.
 18528 | Gauntlet | Found a transporter.
 18531 | Gauntlet | Found a transporter.
 18540 | Gauntlet | Found a transporter.
 18560 | Gauntlet | Found a transporter.
 18560 | Gauntlet | Found a transporter.
 18576 | Gauntlet | Found a transporter.
 18594 | Gauntlet | Found a transporter.
 18600 | Gauntlet | Identified the +0 pair of boots of Immorality {Int+4}
 18602 | Gauntlet | Found a transporter.
 18625 | Gauntlet | Found a transporter.
 18677 | Gauntlet | Identified the +0 pair of boots "Dutinnog" {Harm rElec
                  | rPois rF-}
 18760 | Gauntlet | Reached skill level 1 in Transmutations
 19055 | Gauntlet | Reached skill level 5 in Dodging
 19055 | Gauntlet | Reached XP level 14. HP: 90/90 MP: 18/28
 19129 | Gauntlet | Identified the ring of Recklessness {Wiz rElec Str+3 Dex-2
                  | Stlth+}
 19137 | Gauntlet | Mangled by a minotaur

Illustrated notes

Levels and vault maps discovered:
D:1:      lightli_arrival_maybe_door_vault, layout_loops_cross,
          shapermc_ecumenical_altar_venn
D:2:      layout_rooms, minivault_4, serial_bayou_lagoon_b
D:3:      layout_basic, kennysheep_generic_room_3
D:4:      layout_rooms, mainiacjoe_overflow_surrounded_room,
          gup_sewer_entry_spiral
D:5:      layout_layer_cave, uniq_prince_ribbit1, uniq_blork_the_orc
D:6:      layout_basic, minmay_temple_entry_antechambers,
          minmay_misc_feat_nine_boxes
D:7:      layout_rooms, grunt_temple_overflow_gold_and_silver,
          mainiacjoe_overflow_chevrons, serial_corexii_hall,
          chequers_hall_statues_wall_a, chequers_hall_statues_wall_a
D:8:      layout_rooms, enter_bailey_4, dk_noncrumbling_4, uniq_psyche,
          uniq_amaemon, uniq_erica
D:9:      minmay_inner_zag, layout_gridville, lemuel_crystal_altar,
          kennysheep_generic_room_13, uniq_pikel
D:10:     layout_big_octagon, gammafunk_ghost_smash, serial_shops, shop
D:11:     layout_basic, david_lair_shrubbed, uniq_gastronok
D:12:     layout_roguey, hiddenorc2_lemuel
Lair:1:   layout_regular_city, chequers_serial_rivers_marsh,
          serial_bayou_pond_a, grunt_megastairs_2
Lair:2:   layout_regular_city, palyth_hydra_swamp_entry,
          portal_ice_cave_entry_pillars_2
Lair:3:   layout_long_grid, gauntlet_entry_generic, serial_bayou_shore_b
Gauntlet: gammafunk_gauntlet_shortcut [nicolae_gauntlet_swirl,
          gammafunk_gauntlet_arena_chambers, nicolae_gauntlet_arena_grate_2,
          gammafunk_gauntlet_arena_corners,
          gammafunk_gauntlet_arena_arrow_garden, gammafunk_gauntlet_arena_teeth,
          dreamdust_gauntlet_exit_labyrinth]

Skill      XL: |  1  2  3  4  5  6  7  8  9 10 11 12 13 |
---------------+----------------------------------------+-----
Dodging        | 2 3 5 |  5.5
Fighting       | 3 4 5 6 7 8 9 |  9.7
Stealth        | 5 |  5.5
Conjurations   | 1 3 4 6 7 9 10 | 10.9
Air Magic      | 1 3 4 6 7 8 |  8.3
Poison Magic   | 1 2 3 4 5 6 |  6.0
Spellcasting   | 1 2 4 5 6 7 |  7.8
Armour         | 1 3 |  3.2
Shields        | 1 2 3 6 |  6.1
Fire Magic     | 1 3 5 6 8 |  8.9
Necromancy     | 3 5 6 |  6.1
Hexes          | 2 3 4 |  4.3
Ice Magic      | 2 4 5 |  5.8
Transmutations | 2 |  2.6
Short Blades   | |  2.1
Throwing       | |  2.0

Action                   |  1- 3 |  4- 6 |  7- 9 | 10-12 | 13-15 || total
-------------------------+-------+-------+-------+-------+-------++-------
Melee: Dagger            |    25 |       |     7 |    33 |       ||    65
       Kick              |    18 |    24 |    80 |   140 |    12 ||   274
       Hand axe          |    50 |    98 |   208 |   282 |    33 ||   671
       Peck              |     8 |     9 |    34 |    90 |    12 ||   153
       Punch             |       |     2 |     4 |    10 |       ||    16
Throw: Dart              |     1 |       |    26 |     6 |       ||    33
 Cast: Scorch            |       |       |       |    89 |    19 ||   108
       Mephitic Cloud    |       |       |       |    48 |    13 ||    61
       Flame Wave        |       |       |       |     9 |       ||     9
       Foxfire           |       |       |       |    42 |     9 ||    51
       Inner Flame       |       |       |       |     7 |     2 ||     9
       Freezing Cloud    |       |       |       |    24 |    16 ||    40
       Ignite Poison     |       |       |       |    10 |     7 ||    17
       Sticky Flame      |       |       |       |     1 |     1 ||     2
Invok: Curse Item        |       |       |     3 |       |     1 ||     4
Evoke: Wand              |       |       |     8 |    16 |     5 ||    29
  Use: Potion            |       |     3 |     7 |     2 |     1 ||    13
       Scroll            |       |     7 |     5 |     1 |     2 ||    15
 Stab: Sleeping          |     7 |    12 |    11 |     4 |       ||    34
       Invisible         |       |       |     4 |       |       ||     4
       Confused          |       |       |       |    16 |     2 ||    18
       Distracted        |       |       |       |     1 |       ||     1
Armor: Robe              |    25 |    14 |       |       |       ||    39
       Ring mail         |       |    16 |    45 |       |       ||    61
       Leather armour    |       |       |    46 |   202 |    20 ||   268
Dodge: Dodged            |    49 |    85 |   233 |   374 |    37 ||   778
Block: Kite shield       |       |       |       |       |    16 ||    16

Table legend: (Time is in decaauts)
 A = Elapsed time spent in this place.
 B = Non-inter-level travel time spent in this place.
 C = Inter-level travel time spent in this place.
 D = Time resting spent in this place.
 E = Time spent auto-exploring this place.
 F = Levels seen in this place.
 G = Mean time per level.
                   A        B        C        D        E       F      G
               +--------+--------+--------+--------+--------+-----+--------+
         Total |  18655 |  18238 |    417 |   6129 |   7401 |  19 |  981.8 |
       Dungeon |  12442 |  12078 |    364 |   3530 |   5466 |  12 | 1036.8 |
          Lair |   2583 |   2530 |     53 |    525 |   1580 |   3 |  861.0 |
         Sewer |    309 |    309 |      0 |    169 |     51 |   1 |  309.0 |
        Bailey |    854 |    854 |      0 |    358 |    202 |   1 |  854.0 |
      Ice Cave |   1883 |   1883 |      0 |   1256 |    100 |   1 | 1883.0 |
      Gauntlet |    581 |    581 |      0 |    290 |      0 |   1 |  581.0 |
               +--------+--------+--------+--------+--------+-----+--------+

Top non-repeatable levels by time:
   IceCv: 1883 daAuts
     D:9: 1595 daAuts
     D:5: 1477 daAuts
  Lair:2: 1458 daAuts
    D:10: 1420 daAuts
     D:8: 1400 daAuts
     D:7: 1367 daAuts
    D:11: 1115 daAuts
  Lair:1: 1103 daAuts
     D:6: 943 daAuts
     D:3: 870 daAuts
  Bailey: 854 daAuts
     D:1: 823 daAuts
     D:4: 762 daAuts
Gauntlet: 581 daAuts
